 Dungeon Crawl Stone Soup version 0.30-a0-1160-g6e42c06551 (webtiles) character file.

Game seed: 6890595445777544501

949 jasper the Twirler (level 7, -11/56 HPs)
             Began as a Demigod Wanderer on Apr 25, 2023.
             Mangled by an orc warrior
             ... wielding a +0 halberd
              (14 damage)
             ... on level 7 of the Dungeon.
             The game lasted 00:06:21 (5014 turns).

jasper the Twirler (Demigod Wanderer)               Turns: 5014, Time: 00:06:21

Health: -11/56     AC:  6    Str: 12    XL:     7   Next: 58%
Magic:  24/24      EV: 10    Int: 21    God:
Gold:   285        SH:  5    Dex: 15    Spells: 7/12 levels left

rFire   . . .        d - +0 quarterstaff (flame)
rCold   . . .        (shield currently unavailable)
rNeg    . . .        o - +0 ring mail
rPois   +            (no helmet)
rElec   .            (no cloak)
rCorr   .            B - +0 pair of gloves
SInv    .            (no boots)
Will    +....        h - amulet of Ankitua {Reflect rPois Will+ MP+9 SH+5}
Stlth   ++           (no ring)
HPRegen 0.29/turn    (no ring)
MPRegen 0.19/turn

%: reflection
@: no status effects
A: high MP 1, forlorn, divine attributes
a: no special abilities


You were on level 7 of the Dungeon.
You visited 1 branch of the dungeon, and saw 6 of its levels.

You collected 285 gold pieces.

Inventory:

Hand Weapons
 a - a +0 dagger
 d - a +0 quarterstaff of flaming (weapon)
 m - a +2 dagger of venom
Missiles
 c - a datura-tipped dart
 j - 2 curare-tipped darts (quivered)
Armour
 g - a +0 robe
 o - a +0 ring mail (worn)
 B - a +0 pair of gloves (worn)
Magical Staves
 r - a staff of cold
Jewellery
 h - the amulet of Ankitua (around neck) {Reflect rPois Will+ MP+9 SH+5}
   (You acquired it on level 2 of the Dungeon)

   [amulet of reflection]

   It reflects blocked missile attacks.
   rPois:     It protects you from poison.
   MP:        It affects your magic capacity (+9).
   SH:        It affects your SH (+5).
   Will:      It increases your willpower.
Wands
 w - a wand of paralysis (4)
 y - a wand of iceblast (5)
Scrolls
 e - a scroll of enchant armour {unknown}
 f - 3 scrolls of blinking
 k - 2 scrolls of immolation
 l - 3 scrolls of teleportation
 q - 3 scrolls of identify
 s - a scroll of fog {unknown}
 t - 2 scrolls of amnesia
Potions
 b - 3 potions of mutation
 i - 4 potions of heal wounds
 n - 2 potions of might {unknown}
 p - 4 potions of curing {unknown}
 u - 3 potions of lignification {unknown}
 v - a potion of haste {unknown}
 x - a potion of resistance {unknown}
 z - a potion of brilliance {unknown}
 A - a potion of cancellation {unknown}


   Skills:
 - Level 2.8 Fighting
 - Level 4.8 Staves
 - Level 1.0 Armour
 - Level 3.6 Stealth
 + Level 3.3 Spellcasting
 + Level 2.7 Conjurations
 + Level 2.7 Ice Magic
 + Level 2.7 Air Magic
 - Level 1.0 Evocations


You had 7 spell levels left.
You knew the following spells:

 Your Spells              Type           Power      Damage    Failure   Level
a - Freezing Cloud        Conj/Ice/Air   7%         6-21      95%         5

Your spell library contained the following spells:

 Spells                   Type           Power      Damage    Failure   Level
 Poisonous Vapours        Pois/Air       18%        N/A       26%         2
 Conjure Ball Lightning   Conj/Air       7%         3x3d6     100%        6


Dungeon Overview and Level Annotations

Branches:
Dungeon (7/15)
 Temple: D:4-7


Innate Abilities, Weirdness & Mutations

You have an increased reservoir of magic. (+10% MP)
You shall have no god before yourself.
Your divine heritage dramatically boosts your attributes as you level up.


Message History

The orc hits you with a +0 club.
You take 4 damage, and have 51/56 hp.
You sock the orc! You burn the orc.
You kill the orc!
An orc warrior comes into view. It is wielding a +0 halberd.
The orc warrior shouts!
You hit the orc but do no damage. The orc hits you but does no damage.
You hit the orc. You burn the orc.
You kill the orc!
The orc warrior unwields a +0 halberd.
The orc warrior wields a +0 arbalest.
The orc warrior shoots a bolt.
The bolt hits you!
You hear a shout!
You take 8 damage, and have 44/56 hp.
You swing at nothing.
The orc warrior shoots a bolt.
The bolt hits you.
You swing at nothing.
The orc warrior shoots a bolt.
The bolt hits you!
You swing at nothing.
You take 14 damage, and have 30/56 hp.
MASSIVE DAMAGE!!
You barely miss the orc warrior.
The orc warrior unwields a +0 arbalest.
The orc warrior wields a +0 halberd.
The orc warrior hits you with a +0 halberd!
You take 9 damage, and have 21/56 hp.
You hit the orc warrior. You burn the orc warrior.
The orc warrior is moderately wounded.
The orc warrior barely misses you.
You hit the orc warrior. You burn the orc warrior.
The orc warrior is heavily wounded.
The orc warrior hits you with a +0 halberd!
* * * LOW HITPOINT WARNING * * *
You barely miss the orc warrior.
The orc warrior is moderately wounded.
The orc warrior hits you with a +0 halberd.
* * * LOW HITPOINT WARNING * * *
You barely miss the orc warrior.
The orc warrior is moderately wounded.
The orc warrior hits you with a +0 halberd!
* * * LOW HITPOINT WARNING * * *
You completely miss the orc warrior.
The orc warrior is moderately wounded.
The orc warrior hits you with a +0 halberd!
You die...

##### ... ... ...
#.## #o. #o# ###@#
#...# #.### ###.###
##### #.....# #...#
#.....####...###
#..............##.#
#)....##...<......#
#.....##.......####


You could see an orc warrior and an orc.

Vanquished Creatures
  2 water moccasins
  An ogre (D:5)
  A phantom (D:6)
  2 scorpions (D:6)
  A hound (D:5)
  A jelly (D:6)
  A gnoll bouda (D:6)
  An orc priest (D:3)
  3 iguanas
  2 orc wizards (D:3)
  Terence (D:3)
  5 gnolls (D:6)
  3 adders
  A shadow imp (D:5)
  2 worms
  23 orcs
  9 bats
  5 endoplasms
  4 giant cockroaches
  9 hobgoblins
  3 jackals (D:1)
  8 ball pythons
  2 frilled lizards
  9 goblins
  10 kobolds
  3 rats
112 creatures vanquished.

Notes
Turn   | Place    | Note
-------+----------+-------------------------------------------
     0 | D:1      | jasper the Demigod Wanderer began the quest for the Orb.
     0 | D:1      | jasper set off with the following items: a +0 dagger, an
                  | atropa-tipped dart, a datura-tipped dart, a +0
                  | quarterstaff, a wand of flame (7), a scroll of blinking, a
                  | +0 robe.
     0 | D:1      | Reached XP level 1. HP: 16/16 MP: 3/3
   121 | D:1      | Reached skill level 3 in Staves
   184 | D:1      | Reached XP level 2. HP: 20/23 MP: 4/4
   952 | D:2      | Reached XP level 3. HP: 28/28 MP: 6/6
   967 | D:2      | Reached skill level 1 in Spellcasting
  1796 | D:2      | Identified a scroll of acquirement
  1796 | D:2      | Acquired the amulet of Ankitua {Reflect rPois Will+ MP+9
                  | SH+5}
  2148 | D:3      | Reached XP level 4. HP: 8/36 MP: 8/8
  2490 | D:3      | Reached skill level 4 in Staves
  2563 | D:3      | Noticed Terence
  2578 | D:3      | Killed Terence
  2579 | D:3      | Reached XP level 5. HP: 27/42 MP: 10/10
  3032 | D:3      | You fall into a shaft and drop 2 floors!
  3032 | D:5      | Entered Level 5 of the Dungeon
  3055 | D:5      | Noticed an ogre
  3084 | D:5      | Killed an ogre
  3125 | D:5      | Got the Elucidation of the Wind
  3143 | D:5      | Learned a level 5 spell: Freezing Cloud
  3292 | D:5      | Reached XP level 6. HP: 30/50 MP: 12/12
  3590 | D:5      | Identified the +7 tower shield of Misanthropy {Will+ Dex+3
                  | Stlth+}
  3897 | D:6      | Reached skill level 1 in Conjurations
  3897 | D:6      | Reached skill level 1 in Ice Magic
  3897 | D:6      | Reached skill level 1 in Air Magic
  3963 | D:6      | Noticed a water moccasin
  3970 | D:6      | Killed a water moccasin
  4257 | D:6      | Reached XP level 7. HP: 37/56 MP: 14/14
  5014 | D:7      | Mangled by an orc warrior

Illustrated notes

Levels and vault maps discovered:
D:1:      minmay_arrival_open_corners, layout_loops_ring
D:2:      layout_loops_ring
D:3:      layout_loops_ring, grunt_temple_overflow_bloody_war,
          item_on_display_a, uniq_terence
D:5:      layout_loops_ring
D:6:      layout_basic
D:7:      layout_loops_cross, grunt_tough_drop, uniq_prince_ribbit1,
          uniq_crazy_yiuf_cottage

Skill      XL: |  1  2  3  4  5  6  7 |
---------------+----------------------+-----
Staves         | 3 4 |  4.8
Spellcasting   | 1 2 3 |  3.3
Fighting       | 2 |  2.8
Conjurations   | 1 2 |  2.7
Ice Magic      | 1 2 |  2.7
Air Magic      | 2 |  2.7
Armour         | |  1.0
Stealth        | |  3.6
Evocations     | |  1.0

Action                     |  1- 3 |  4- 6 |  7- 9 || total
---------------------------+-------+-------+-------++-------
  Melee: Quarterstaff      |   170 |   144 |    53 ||   367
  Throw: Dart              |     2 |     9 |     1 ||    12
  Evoke: Wand              |     1 |    10 |     2 ||    13
    Use: Scroll            |     7 |     2 |       ||     9
   Stab: Sleeping          |     4 |     5 |     1 ||    10
         Paralysed         |       |     3 |       ||     3
 Armour: Robe              |    12 |       |       ||    12
         Ring mail         |    54 |    41 |    11 ||   106
  Dodge: Dodged            |    87 |    72 |    17 ||   176
  Block: Other             |     8 |    29 |     8 ||    45
         Reflection        |     1 |       |       ||     1

Table legend: (Time is in decaauts)
 A = Elapsed time spent in this place.
 B = Non-inter-level travel time spent in this place.
 C = Inter-level travel time spent in this place.
 D = Time resting spent in this place.
 E = Time spent auto-exploring this place.
 F = Levels seen in this place.
 G = Mean time per level.
                   A        B        C        D        E       F      G
               +--------+--------+--------+--------+--------+-----+--------+
         Total |   5060 |   4947 |    113 |    291 |   3543 |   6 |  843.3 |
       Dungeon |   5060 |   4947 |    113 |    291 |   3543 |   6 |  843.3 |
               +--------+--------+--------+--------+--------+-----+--------+

Top non-repeatable levels by time:
     D:2: 1222 daAuts
     D:6: 1088 daAuts
     D:1: 928 daAuts
     D:3: 919 daAuts
     D:5: 829 daAuts
     D:7: 70 daAuts
